 Dungeon Crawl Stone Soup version 0.29.0 (webtiles) character file.

Game seed: 9716518821290371728

3212 Bazzalis the Skirmisher (level 9, -3/68 HPs)
             Began as a Minotaur Hunter on Sept 19, 2022.
             Was a Follower of Okawaru.
             Slain by a wraith (7 damage)
             ... on level 8 of the Dungeon.
             The game lasted 00:39:22 (7000 turns).

Bazzalis the Skirmisher (Minotaur Hunter)           Turns: 7000, Time: 00:39:22

Health: -3/68      AC:  6    Str: 16    XL:     9   Next: 65%
Magic:  6/8        EV: 14    Int:  6    God:    Okawaru [*.....]
Gold:   453        SH:  0    Dex: 18    Spells: 8/8 levels left

rFire   . . .      SeeInvis .   b - +9 mace "Embalmer" {vorpal, Stlth+}
rCold   . . .      Faith    .   (no shield)
rNeg    . . .      Spirit   .   o - +0 ring mail
rPois   .          Reflect  .   (helmet restricted)
rElec   .          Harm     .   F - scarf {repulsion}
rCorr   +          Rampage  .   (no gloves)
Will    .....                   (no boots)
Stlth   ++++......              c - amulet of regeneration
HPRegen 1.01/turn               H - ring of resist corrosion
MPRegen 0.11/turn               (no ring)

@: heroic, repel missiles
A: horns 2, retaliatory headbutt
a: Renounce Religion, Heroism


You were on level 8 of the Dungeon.
You worshipped Okawaru.
Okawaru was aware of your devotion.
You visited 2 branches of the dungeon, and saw 9 of its levels.
You also visited: Sewer.

You collected 453 gold pieces.

Inventory:

Hand Weapons
 a - a +0 shortbow
 b - the +9 mace "Embalmer" (weapon) {vorpal, Stlth+}
   (You found it on level 3 of the Dungeon)

   It inflicts extra damage upon your enemies.
   Stlth:     It makes you more stealthy.
 r - a +2 dagger of venom
Armour
 o - a +0 ring mail (worn)
 F - a scarf of repulsion (worn)
Jewellery
 c - an amulet of regeneration (around neck)
 y - an amulet of faith
 H - a ring of resist corrosion (left hand)
Wands
 B - a wand of roots (4)
 G - a wand of acid (4)
Scrolls
 e - 5 scrolls of identify
 f - a scroll of vulnerability {unknown}
 i - 5 scrolls of enchant weapon {unknown}
 j - 3 scrolls of fear {unknown}
 l - 3 scrolls of teleportation {unknown}
 m - a scroll of immolation
 p - a scroll of enchant armour {unknown}
 u - 3 scrolls of poison {unknown}
 v - 3 scrolls of fog {unknown}
 x - 2 scrolls of blinking {unknown}
 C - a scroll of amnesia {unknown}
Potions
 d - 2 potions of mutation {unknown}
 g - 2 potions of flight {unknown}
 h - 3 potions of haste {unknown}
 k - 2 potions of brilliance {unknown}
 n - 4 potions of curing
 q - a potion of heal wounds {unknown}
 s - a potion of ambrosia {unknown}
 t - a potion of berserk rage {unknown}
 w - 2 potions of cancellation {unknown}
 z - a potion of attraction {unknown}
 A - a potion of degeneration {unknown}
 D - 2 potions of magic {unknown}
 E - 2 potions of invisibility {unknown}


   Skills:
 - Level 2.4(7.4) Fighting
 - Level 2.0(7.0) Short Blades
 + Level 8.8(13.8) Maces & Flails
 * Level 12.9(17.9) Ranged Weapons
 - Level 2.1(7.1) Dodging
 - Level 0.7(5.7) Stealth


You had 8 spell levels left.
You didn't know any spells.
Your spell library contained the following spells:

 Spells                   Type           Power      Damage    Failure   Level
 Magic Dart               Conj           0%         1d3       65%         1
 Shock                    Conj/Air       0%         1d3       65%         1
 Mephitic Cloud           Conj/Pois/Air  0%         N/A       95%         3
 Swiftness                Air            0%         N/A       95%         3
 Airstrike                Air            0%         2d(0-16)  100%        4
 Call Imp                 Summ           Unusable   N/A       N/A         2

Dungeon Overview and Level Annotations

Branches:
Dungeon (8/15)             Temple (1/1) D:6           Sewer (visited)
   Lair: D:8-11

Altars:
Ashenzari
Cheibriados
Dithmenos
Elyvilon
Fedhas
Gozag
Hepliaklqana
Kikubaaqudgha
Makhleb
Nemelex Xobeh
Okawaru
Qazlal
Ru
Sif Muna
Trog
Uskayaw
Vehumet
Wu Jian
Xom
Yredelemnul
The Shining One

Shops:
D:5 (   D:7 :


Innate Abilities, Weirdness & Mutations

You have a pair of horns on your head.
You reflexively headbutt those who attack you in melee.


Message History

Okawaru accepts your kill.
The kobold throws a stone.
The stone closely misses you.
A wraith comes into view.
Found a scroll of immolation.
The kobold throws a stone.
The stone closely misses you.
Found a stone staircase leading down.
A five-headed hydra comes into view.
The kobold throws a stone.
The stone misses you.
The five-headed hydra roars!
You hit the cyan ugly thing.
The cyan ugly thing is lightly wounded.
A centaur comes into view.
The cyan ugly thing claws you. The cyan ugly thing shocks you!
As you read the scroll labelled RIEBOE XETHRA, it crumbles to dust.
It is a scroll of identify.
n - 4 potions of curing The wraith hits you!
The cyan ugly thing claws you! The cyan ugly thing shocks you!
You gain the combat prowess of a mighty hero.
The wraith hits you.
* * * LOW HITPOINT WARNING * * *
A yak comes into view.
The kobold misses you. The cyan ugly thing closely misses you.
You barely miss the cyan ugly thing.
Your headbutt misses the cyan ugly thing.
You punch the cyan ugly thing, but do no damage.
The cyan ugly thing is lightly wounded.
The wraith hits you but does no damage. The kobold closely misses you.
You furiously retaliate!
You headbutt the kobold.
You kill the kobold!
Okawaru accepts your kill. The cyan ugly thing claws you.
* * * LOW HITPOINT WARNING * * *
The cyan ugly thing shocks you!
* * * LOW HITPOINT WARNING * * *
Unknown command.
You hit the wraith but do no damage. You headbutt the wraith.
The wraith is lightly damaged.
The wraith hits you!
You die...

#.........
##.....)...
#..........
#####..........
##.#....#>......
##..#..###.......
#.......)........
###...#....######.
#@Wu........... .
##D)....##......
##.....# ......
#..c............
#......#....#....
#......#.........
.Y.....?#.....
....c....# ..
..#>......#


You could see a five-headed hydra, a cyan ugly thing, a wraith and a centaur.

Vanquished Creatures
  4 yaks (D:5)
  A wraith (D:7)
  A steam dragon (D:5)
  2 water moccasins
  An ice beast (D:6)
  A black bear (D:7)
  3 centaurs
  An ogre (D:6)
  2 kobold brigands (D:7)
  4 bullfrogs
  2 scorpions (D:5)
  2 gnoll sergeants
  2 wights (D:8)
  2 howler monkeys
  4 orc priests
  4 hounds
  2 jellies (D:6)
  An iguana (D:5)
  Ijyb (D:4)
  3 orc wizards
  15 gnolls
  2 river rats (Sewer)
  7 adders
  A shadow imp (D:6)
  5 ufetubi
  4 worms
  2 dart slugs
  25 orcs
  15 ball pythons
  10 endoplasms
  5 giant cockroaches
  3 goblins
  3 hobgoblins
  5 jackals
  4 quokkas
  5 bats
  5 frilled lizards
  19 kobolds
  34 rats
212 creatures vanquished.

Vanquished Creatures (others)
  A wizard (D:7)
1 creature vanquished.

Grand Total: 213 creatures vanquished

Notes
Turn   | Place    | Note
-------+----------+-------------------------------------------
     0 | D:1      | Bazzalis the Minotaur Hunter began the quest for the Orb.
     0 | D:1      | Reached XP level 1. HP: 18/18 MP: 0/0
   406 | D:1      | Reached XP level 2. HP: 25/25 MP: 1/1
   508 | D:1      | Reached skill level 5 in Ranged Weapons
  1064 | D:1      | Reached XP level 3. HP: 30/30 MP: 2/2
  1459 | D:2      | Reached skill level 1 in Short Blades
  1776 | D:2      | Reached XP level 4. HP: 37/37 MP: 3/3
  1799 | D:2      | Reached skill level 6 in Ranged Weapons
  2115 | D:3      | Found an ornate altar of the Wu Jian Council.
  2194 | D:3      | Identified the +9 mace "Embalmer" {vorpal, Stlth+}
  2219 | D:3      | Found a glowing drain.
  2240 | Sewer    | Entered a sewer
  2437 | Sewer    | Reached skill level 1 in Maces & Flails
  2437 | Sewer    | Reached XP level 5. HP: 39/42 MP: 4/4
  2489 | Sewer    | Reached skill level 7 in Ranged Weapons
  2490 | Sewer    | Reached XP level 6. HP: 29/50 MP: 5/5
  2693 | D:3      | Found an ancient bone altar of Kikubaaqudgha.
  3132 | D:4      | Noticed Ijyb
  3138 | D:4      | Killed Ijyb
  3774 | D:4      | Found a glowing golden altar of the Shining One.
  3853 | D:4      | Reached skill level 8 in Ranged Weapons
  4108 | D:5      | Entered Level 5 of the Dungeon
  4147 | D:5      | Noticed a yak
  4147 | D:5      | Noticed a yak
  4151 | D:5      | Noticed a yak
  4186 | D:5      | Killed a yak
  4187 | D:5      | Reached XP level 7. HP: 56/56 MP: 6/6
  4194 | D:5      | Noticed a yak
  4200 | D:5      | Killed a yak
  4201 | D:5      | Reached skill level 9 in Ranged Weapons
  4203 | D:5      | Killed a yak
  4204 | D:5      | Reached skill level 5 in Maces & Flails
  4207 | D:5      | Killed a yak
  4208 | D:5      | Reached XP level 8. HP: 49/62 MP: 7/7
  4295 | D:5      | Reached skill level 10 in Ranged Weapons
  4447 | D:5      | Found Goim's Weapon Emporium.
  4472 | D:5      | Found a hide-covered altar of Uskayaw.
  5033 | D:6      | Found a staircase to the Ecumenical Temple.
  5043 | Temple   | Entered the Ecumenical Temple
  5187 | Temple   | Became a worshipper of Warmaster Okawaru
  5274 | D:6      | Reached skill level 11 in Ranged Weapons
  5575 | D:6      | Reached XP level 9. HP: 66/68 MP: 8/8
  5881 | D:6      | Reached * piety under Okawaru
  6015 | D:6      | Found a basalt altar of Yredelemnul.
  6015 | D:6      | Found a shimmering altar of Xom.
  6023 | D:6      | Found a white marble altar of Elyvilon.
  6025 | D:6      | Found a radiant altar of Vehumet.
  6027 | D:6      | Found a faded altar of an unknown god.
  6245 | D:7      | Reached skill level 12 in Ranged Weapons
  6395 | D:7      | Identified the +2 short sword "Taziy" {venom, rElec MP-9
                  | Int+3 SInv}
  6430 | D:7      | Found Omubaw's Book Boutique.
  6570 | D:7      | Found a bloodstained altar of Trog.
  6571 | D:7      | Noticed a wizard
  6576 | D:7      | Killed a wizard
  6919 | D:8      | Noticed a two-headed ogre
  6983 | D:8      | Noticed a cyan ugly thing
  6992 | D:8      | Noticed a five-headed hydra
  6997 | D:8      | HP: 1/68 [cyan ugly thing (16)]
  7000 | D:8      | Slain by a wraith

Illustrated notes

Levels and vault maps discovered:
D:1:      evilmike_arrival_hilbert_curve, layout_basic, dk_noncrumbling_3,
          minmay_door_square, serial_bayou_crossing
D:2:      layout_loops_corners, hangedman_decor_push
D:3:      layout_loops_ring, mainiacjoe_overflow_six_doors_small,
          kiku_gazebo_garden_becter, cheibrodos_sewer_entry_sluice,
          kennysheep_minor_cross
D:4:      layout_loops_corners, nicolae_tso_swordbearing_angel,
          nicolae_figureground_sparkle, uniq_ijyb
D:5:      layout_basic, marbit_many_paths, serial_shops, nicolae_take_the_stairs
D:6:      layout_gridville, chequers_temple_overflow_minitemple,
          minmay_temple_entry_waves, grunt_ministairs_8
D:7:      layout_basic, trog_wizard, serial_shops, shop
D:8:      minmay_cut_squares, layout_cave_pools,
          nicolae_ossuary_entry_catacombs, amcnicky_mini_pool_small
Temple:   hellmonk_temple_flake

Skill      XL: |  1  2  3  4  5  6  7  8  9 |
---------------+----------------------------+-----
Ranged Weapons | 5 6 7 8 9 11 12 | 12.9
Short Blades   | 1 2 |  2.0
Maces & Flails | 1 2 4 5 7 8 |  8.8
Fighting       | |  2.4
Dodging        | |  2.1
Stealth        | |  0.7

Action                   |  1- 3 |  4- 6 |  7- 9 || total
-------------------------+-------+-------+-------++-------
Melee: Dagger            |    10 |    12 |       ||    22
       Headbutt          |     2 |    11 |    21 ||    34
       Mace              |       |    78 |   142 ||   220
       Punch             |       |     1 |     2 ||     3
 Fire: Shortbow          |    79 |   139 |   108 ||   326
Invok: Heroism           |       |       |     1 ||     1
  Use: Scroll            |       |       |     1 ||     1
 Stab: Sleeping          |       |       |     1 ||     1
Armor: Leather armour    |     3 |       |       ||     3
       Ring mail         |     1 |    34 |    35 ||    70
Dodge: Dodged            |    22 |    55 |   100 ||   177
